TOP OF THE 1ST |
---|
John Jay HS Patriots batting - Pitching for Broken Arrow HS : RHP Troy Cole | Pitching: RHP Troy Cole | | Batting: RHB Ronald Cleveland | 0-0: Ball 1-0: Ball 2-0: Ball 3-0: Base on Balls | Batting: SHB José Cuevas | 0-0: Ball 1-0: Swinging Strike 1-1: Ball 2-1: Ball 3-1: Swinging Strike 3-2: Strikes out swinging Ronald Cleveland steals 2nd base Batter strikes out. | Batting: SHB Luis Peńa | 0-0: Called Strike 0-1: Foul Ball, location: 2F 0-2: Ball 1-2: Ball 2-2: Strikes out looking | Batting: RHB Gunnar Wallace | 0-0: Fly out, F8 (Flyball, 8RXD) | Top of the 1st over - 0 runs, 0 hits, 0 errors, 1 left on base; John Jay HS 0 - Broken Arrow HS 0 | BOTTOM OF THE 1ST |
---|
Broken Arrow HS batting - Pitching for John Jay HS Patriots : RHP Chris Trump | Pitching: RHP Chris Trump | | Batting: RHB Bo Long | 0-0: Ball 1-0: Foul Ball, location: 2F 1-1: Foul Ball, location: 2F 1-2: Ball 2-2: SINGLE (Line Drive, 6MD) | Batting: RHB Donnie Bryan | 0-0: Ball 1-0: Ball 2-0: Fielders Choice at 2nd, 6-4 (Groundball, 6) | Batting: LHB Brian Lawson | 0-0: Ball 1-0: Ball 2-0: Ball 3-0: Called Strike 3-1: SINGLE (Groundball, 34S) (infield hit) Donnie Bryan to second | Batting: RHB Alejandro Vélez | 0-0: Called Strike 0-1: Fielders Choice at 2nd, 3-6 (Groundball, 34) Donnie Bryan to third | Batting: LHB James Carlson | 0-0: Swinging Strike Passed Ball! Donnie Bryan scores Alejandro Vélez to second 0-1: Foul Ball, location: 2F 0-2: Strikes out swinging | Bottom of the 1st over - 1 run, 2 hits, 0 errors, 1 left on base; John Jay HS 0 - Broken Arrow HS 1 | TOP OF THE 2ND |
---|
John Jay HS Patriots batting - Pitching for Broken Arrow HS : RHP Troy Cole | Batting: LHB Jeff Egbert | 0-0: Fly out, F6 (Popup, 6) | Batting: RHB Kevin Hawkins | 0-0: Called Strike 0-1: Ball 1-1: Ball 2-1: Swinging Strike 2-2: Foul Ball, location: 2F 2-2: Foul Ball, location: 2F 2-2: Foul Ball, location: 2F 2-2: Ball 3-2: Foul Ball, location: 2F 3-2: Strikes out swinging | Batting: RHB Wyatt Wallace | 0-0: SINGLE (Line Drive, 7LS) | Batting: SHB Oliver Miles | 0-0: Ball 1-0: Ball 2-0: Called Strike 2-1: Foul Ball, location: 2F 2-2: Ball 3-2: Strikes out swinging | Top of the 2nd over - 0 runs, 1 hit, 0 errors, 1 left on base; John Jay HS 0 - Broken Arrow HS 1 | BOTTOM OF THE 2ND |
---|
Broken Arrow HS batting - Pitching for John Jay HS Patriots : RHP Chris Trump | Batting: RHB Paul Dowd | 0-0: Reached on error, E5 (Groundball, 56) | Batting: RHB Keith Dailey | 0-0: Ball 1-0: Swinging Strike 1-1: Called Strike 1-2: Ball 2-2: Ball 3-2: Base on Balls Paul Dowd to second | Batting: LHB Jesús Zamora | 0-0: SINGLE (Line Drive, 5S) Paul Dowd to third Keith Dailey to second | Batting: RHB Ramón Santos | 0-0: Ball 1-0: Swinging Strike Passed Ball! Paul Dowd scores Keith Dailey to third Jesús Zamora to second 1-1: Foul Ball, location: 2F 1-2: Ball 2-2: Ball 3-2: Base on Balls | Batting: RHB Bo Long | 0-0: Ball 1-0: Called Strike 1-1: Ball 2-1: Swinging Strike 2-2: Foul Ball, location: 2F 2-2: SINGLE (Groundball, 56) (infield hit) Keith Dailey scores Jesús Zamora to third Ramón Santos to second | Batting: RHB Donnie Bryan | 0-0: Ball 1-0: Called Strike 1-1: Reached on error, E5 (Groundball, 56S) Jesús Zamora scores Ramón Santos scores Bo Long to third | Batting: LHB Brian Lawson | 0-0: Ball 1-0: Ball 2-0: Ball 3-0: Base on Balls | Batting: RHB Alejandro Vélez | 0-0: Ball 1-0: Ball 2-0: Ball 3-0: Called Strike 3-1: Foul Ball, location: 2F 3-2: Foul Ball, location: 2F 3-2: Foul Ball, location: 2F 3-2: Base on Balls Bo Long scores Donnie Bryan to third Brian Lawson to second | Batting: LHB James Carlson | 0-0: Ball 1-0: Ball 2-0: DOUBLE (Line Drive, 78D) Donnie Bryan scores Brian Lawson scores Alejandro Vélez to third | Batting: RHB Paul Dowd | 0-0: Ball 1-0: Foul Ball, location: 2F 1-1: Ball 2-1: Swinging Strike 2-2: Strikes out swinging | Pitching: RHP Chad Davis | | Batting: RHB Keith Dailey | 0-0: Called Strike 0-1: Ball 1-1: Ball 2-1: Swinging Strike 2-2: Ball 3-2: Strikes out swinging | Batting: LHB Jesús Zamora | 0-0: Ball 1-0: Ball 2-0: Fly out, F9 (Line Drive, 9) | Bottom of the 2nd over - 7 runs, 3 hits, 2 errors, 2 left on base; John Jay HS 0 - Broken Arrow HS 8 | TOP OF THE 3RD |
---|
John Jay HS Patriots batting - Pitching for Broken Arrow HS : RHP Troy Cole | Batting: RHB Kelly Frey | 0-0: Called Strike 0-1: DOUBLE (Line Drive, 89D) | Batting: RHB Ronald Cleveland | 0-0: DOUBLE (Line Drive, 7LD) Kelly Frey scores | Batting: SHB José Cuevas | 0-0: Ball 1-0: Foul Ball, location: 2F 1-1: Ball 2-1: Called Strike 2-2: Ball 3-2: Base on Balls | Batting: SHB Luis Peńa | 0-0: Ball 1-0: Called Strike 1-1: Called Strike 1-2: Foul Ball, location: 2F 1-2: Ball 2-2: Strikes out looking | Batting: RHB Gunnar Wallace | 0-0: SINGLE (Groundball, 6MD) Ronald Cleveland to third José Cuevas to second Runner from 3rd tries for Home, SAFE, no throw | Batting: LHB Jeff Egbert | 0-0: Swinging Strike 0-1: Ball 1-1: Called Strike 1-2: Strikes out swinging | Batting: RHB Kevin Hawkins | 0-0: Called Strike 0-1: Foul Ball, location: 2F 0-2: Ball 1-2: Fly out, F3 (Popup, 3F) | Top of the 3rd over - 2 runs, 3 hits, 0 errors, 2 left on base; John Jay HS 2 - Broken Arrow HS 8 | BOTTOM OF THE 3RD |
---|
Broken Arrow HS batting - Pitching for John Jay HS Patriots : RHP Chad Davis | Batting: RHB Ramón Santos | 0-0: Called Strike 0-1: Called Strike 0-2: Ball 1-2: Ground out 5-3 (Groundball, 56) | Batting: RHB Bo Long | 0-0: Called Strike 0-1: Ball 1-1: Called Strike 1-2: Ball 2-2: Foul Ball, location: 2F 2-2: Ball 3-2: Foul Ball, location: 2F 3-2: Foul Ball, location: 2F 3-2: Base on Balls | Batting: RHB Donnie Bryan | 0-0: Called Strike 0-1: Called Strike 0-2: Strikes out swinging | Batting: LHB Brian Lawson | 0-0: Called Strike Bo Long steals 2nd base 0-1: Ball 1-1: Called Strike 1-2: Foul Ball, location: 2F 1-2: Strikes out swinging | Bottom of the 3rd over - 0 runs, 0 hits, 0 errors, 1 left on base; John Jay HS 2 - Broken Arrow HS 8 | TOP OF THE 4TH |
---|
John Jay HS Patriots batting - Pitching for Broken Arrow HS : RHP Troy Cole | Batting: RHB Wyatt Wallace | 0-0: Called Strike 0-1: Foul Ball, location: 2F 0-2: Foul Ball, location: 2F 0-2: Ball 1-2: Ball 2-2: Strikes out swinging | Batting: SHB Oliver Miles | 0-0: Ball 1-0: Ball 2-0: Ball 3-0: Base on Balls | Batting: RHB Kelly Frey | 0-0: Called Strike Oliver Miles steals 2nd base 0-1: Swinging Strike 0-2: SINGLE (Groundball, 3D) Oliver Miles to third Runner from 3rd tries for Home, SAFE, throw made home | Batting: RHB Ronald Cleveland | 0-0: Called Strike 0-1: Grounds into double play, 4-6-3 (Groundball, 4) | Top of the 4th over - 1 run, 1 hit, 0 errors, 0 left on base; John Jay HS 3 - Broken Arrow HS 8 | BOTTOM OF THE 4TH |
---|
Broken Arrow HS batting - Pitching for John Jay HS Patriots : RHP Chad Davis | Batting: RHB Alejandro Vélez | 0-0: Called Strike 0-1: SINGLE (Groundball, 34D) | Batting: LHB James Carlson | 0-0: Called Strike 0-1: Foul Ball, location: 2F 0-2: Ball 1-2: Strikes out looking | Batting: RHB Paul Dowd | 0-0: Ground out 6-3 (Groundball, 6S) Alejandro Vélez to second | Batting: RHB Keith Dailey | 0-0: Ball 1-0: SINGLE (Line Drive, 4MD) Alejandro Vélez to third | Batting: LHB Jesús Zamora | 0-0: Called Strike 0-1: Ball 1-1: Called Strike 1-2: Strikes out swinging | Bottom of the 4th over - 0 runs, 2 hits, 0 errors, 2 left on base; John Jay HS 3 - Broken Arrow HS 8 | TOP OF THE 5TH |
---|
John Jay HS Patriots batting - Pitching for Broken Arrow HS : RHP Troy Cole | Batting: SHB José Cuevas | 0-0: Ball 1-0: Ball 2-0: Ball 3-0: Base on Balls | Batting: SHB Luis Peńa | 0-0: Called Strike 0-1: Called Strike 0-2: Ball 1-2: Foul Ball, location: 2F 1-2: Strikes out swinging | Pitching: RHP Elvin Pierce | | Batting: RHB Gunnar Wallace | 0-0: Swinging Strike 0-1: Ball 1-1: Called Strike 1-2: Ball 2-2: Strikes out swinging | Batting: LHB Jeff Egbert | 0-0: Ball 1-0: Called Strike 1-1: Called Strike 1-2: SINGLE (Flyball, 78S) José Cuevas to second | Batting: RHB Kevin Hawkins | 0-0: Called Strike 0-1: Foul Ball, location: 2F 0-2: Strikes out swinging | Top of the 5th over - 0 runs, 1 hit, 0 errors, 2 left on base; John Jay HS 3 - Broken Arrow HS 8 | BOTTOM OF THE 5TH |
---|
Broken Arrow HS batting - Pitching for John Jay HS Patriots : RHP Chad Davis | Batting: RHB Ramón Santos | 0-0: Fly out, F9 (Flyball, 9) | Batting: RHB Bo Long | 0-0: SINGLE (Flyball, 8RS) | Batting: RHB Donnie Bryan | 0-0: Ball Passed Ball! Bo Long to second 1-0: SINGLE (Groundball, 56D) Bo Long to third Runner from 3rd tries for Home, SAFE, no throw | Batting: LHB Brian Lawson | 0-0: Ball Donnie Bryan steals 2nd base 1-0: Ball 2-0: Ball 3-0: Foul Ball, location: 2F 3-1: SINGLE (Flyball, 34D) Donnie Bryan to third | Batting: RHB Alejandro Vélez | 0-0: Reached on error, E7 (Line Drive, 7) Donnie Bryan scores Brian Lawson to second | Batting: LHB James Carlson | 0-0: Called Strike 0-1: Called Strike 0-2: Grounds into double play, 6-4-3 (Groundball, 6) | Bottom of the 5th over - 2 runs, 3 hits, 1 error, 1 left on base; John Jay HS 3 - Broken Arrow HS 10 | TOP OF THE 6TH |
---|
John Jay HS Patriots batting - Pitching for Broken Arrow HS : RHP Elvin Pierce | Batting: RHB Wyatt Wallace | 0-0: Ball 1-0: Ball 2-0: Ball 3-0: Base on Balls | Batting: SHB Oliver Miles | 0-0: Ball 1-0: Called Strike 1-1: Called Strike 1-2: Strikes out swinging | Batting: RHB Kelly Frey | 0-0: Ball Wyatt Wallace steals 2nd base 1-0: Ball 2-0: Fly out, F8 (Flyball, 78XD) Runner from 2nd tags up, SAFE at 3rd, no throw | Batting: RHB Ronald Cleveland | 0-0: Ball 1-0: Foul Ball, location: 2F 1-1: Ball 2-1: Ground out 4-3 (Groundball, 4M) | Top of the 6th over - 0 runs, 0 hits, 0 errors, 1 left on base; John Jay HS 3 - Broken Arrow HS 10 | BOTTOM OF THE 6TH |
---|
Broken Arrow HS batting - Pitching for John Jay HS Patriots : RHP Chad Davis | Batting: RHB Paul Dowd | 0-0: Ball 1-0: Ball 2-0: Ball 3-0: Base on Balls | Pitching: RHP Edgar Bailey | | Batting: RHB Keith Dailey | 0-0: Ball 1-0: Ball 2-0: Ball 3-0: Called Strike 3-1: Base on Balls Paul Dowd to second | Batting: LHB Jesús Zamora | 0-0: Foul Ball, location: 2F 0-1: 3-RUN HOME RUN (Flyball, 9LD), Distance : 352 ft | Batting: RHB Ramón Santos | 0-0: Ball 1-0: Ball 2-0: Ground out 5-3 (Groundball, 56S) | Batting: RHB Bo Long | 0-0: Called Strike 0-1: Ball 1-1: Ball 2-1: Ground out 4-3 (Groundball, 4M) | Batting: RHB Donnie Bryan | 0-0: Ball 1-0: Foul Ball, location: 2F 1-1: Ball 2-1: Ball 3-1: Base on Balls | Batting: LHB Brian Lawson | 0-0: Ground out 4-3 (Groundball, 4) | Bottom of the 6th over - 3 runs, 1 hit, 0 errors, 1 left on base; John Jay HS 3 - Broken Arrow HS 13 | TOP OF THE 7TH |
---|
John Jay HS Patriots batting - Pitching for Broken Arrow HS : RHP Elvin Pierce | Batting: SHB José Cuevas | 0-0: Ball 1-0: Called Strike 1-1: SOLO HOME RUN (Flyball, 9LD), Distance : 350 ft | Batting: SHB Luis Peńa | 0-0: Ball 1-0: Called Strike 1-1: Ball 2-1: Ball 3-1: Base on Balls | Batting: RHB Gunnar Wallace | 0-0: Foul Ball, location: 2F 0-1: Grounds into double play, 4-6-3 (Groundball, 4) | Batting: LHB Jeff Egbert | 0-0: Foul Ball, location: 2F 0-1: Swinging Strike 0-2: Ground out 4-3 (Groundball, 4) | Top of the 7th over - 1 run, 1 hit, 0 errors, 0 left on base; John Jay HS 4 - Broken Arrow HS 13 | BOTTOM OF THE 7TH |
---|
Broken Arrow HS batting - Pitching for John Jay HS Patriots : RHP Edgar Bailey | Batting: RHB Alejandro Vélez | 0-0: Ball 1-0: Ball 2-0: Ball 3-0: Called Strike 3-1: Foul Ball, location: 2F 3-2: Foul Ball, location: 2F 3-2: Base on Balls | Batting: LHB James Carlson | 0-0: Called Strike 0-1: Foul Ball, location: 2F 0-2: Ball 1-2: Foul Ball, location: 2F 1-2: SINGLE (Line Drive, 56) Alejandro Vélez to second | Batting: RHB Paul Dowd | 0-0: Called Strike 0-1: Called Strike 0-2: Strikes out swinging | Batting: RHB Keith Dailey | 0-0: Ball 1-0: Ball 2-0: Called Strike 2-1: Ball 3-1: Fly out, F7 (Line Drive, 7) | Batting: LHB Jesús Zamora | 0-0: Ball 1-0: Swinging Strike 1-1: Foul Ball, location: 2F 1-2: Foul Ball, location: 2F 1-2: Foul Ball, location: 2F 1-2: Foul Ball, location: 2F 1-2: Foul Ball, location: 2F 1-2: Foul Ball, location: 2F 1-2: Ball 2-2: Foul Ball, location: 2F 2-2: Strikes out looking | Bottom of the 7th over - 0 runs, 1 hit, 0 errors, 2 left on base; John Jay HS 4 - Broken Arrow HS 13 | TOP OF THE 8TH |
---|
John Jay HS Patriots batting - Pitching for Broken Arrow HS : RHP Elvin Pierce | Batting: RHB Kevin Hawkins | 0-0: Called Strike 0-1: Fly out, F9 (Flyball, 89S) | Batting: RHB Wyatt Wallace | 0-0: Swinging Strike 0-1: SINGLE (Groundball, 56S) (infield hit) | Batting: SHB Oliver Miles | 0-0: DOUBLE (Line Drive, 9) Wyatt Wallace to third Runner from 3rd tries for Home, SAFE, no throw | Batting: RHB Kelly Frey | 0-0: Ball 1-0: Foul Ball, location: 2F 1-1: Ground out 3-1 (Groundball, 34) Oliver Miles to third | Batting: RHB Ronald Cleveland | 0-0: Ball 1-0: Called Strike 1-1: Called Strike 1-2: Fly out, F7 (Flyball, 7S) | Top of the 8th over - 1 run, 2 hits, 0 errors, 1 left on base; John Jay HS 5 - Broken Arrow HS 13 | BOTTOM OF THE 8TH |
---|
Broken Arrow HS batting - Pitching for John Jay HS Patriots : RHP Edgar Bailey | Batting: RHB Ramón Santos | 0-0: Ball 1-0: Ball 2-0: Called Strike 2-1: Ball 3-1: Base on Balls | Pitching: RHP Raleigh Aitken | | Batting: RHB Bo Long | 0-0: Ball 1-0: Ball 2-0: Ball 3-0: Called Strike 3-1: Foul Ball, location: 2F 3-2: Foul Ball, location: 2F 3-2: Base on Balls Ramón Santos to second | Batting: RHB Donnie Bryan | 0-0: Called Strike 0-1: Fly out, F3 (Popup, 3SF) | Batting: LHB Brian Lawson | 0-0: Ball Ramón Santos steals 3rd base Bo Long to second 1-0: Ball 2-0: Ball 3-0: Base on Balls | Batting: RHB Alejandro Vélez | 0-0: Fly out, F5 (Line Drive, 5L) | Batting: LHB James Carlson | 0-0: Called Strike 0-1: Called Strike 0-2: Ball 1-2: Ball 2-2: Ball 3-2: SINGLE (Groundball, 4M) (infield hit) Ramón Santos scores Bo Long to third Brian Lawson to second | Batting: RHB Paul Dowd | 0-0: Called Strike 0-1: Ball 1-1: Foul Ball, location: 2F 1-2: Ball 2-2: SINGLE (Groundball, 4MD) Bo Long scores Brian Lawson to third James Carlson to second Runner from 3rd tries for Home, SAFE, no throw | Batting: RHB Keith Dailey | 0-0: Foul Ball, location: 2F 0-1: Fly out, F9 (Flyball, 9LD) | Bottom of the 8th over - 3 runs, 2 hits, 0 errors, 2 left on base; John Jay HS 5 - Broken Arrow HS 16 | TOP OF THE 9TH |
---|
John Jay HS Patriots batting - Pitching for Broken Arrow HS : RHP Elvin Pierce | Now at 3B: Daniel Conner | | Batting: SHB José Cuevas | 0-0: Ball 1-0: Foul Ball, location: 2F 1-1: SOLO HOME RUN (Line Drive, 89XD), Distance : 427 ft | Batting: SHB Luis Peńa | 0-0: Swinging Strike 0-1: Ball 1-1: Foul Ball, location: 2F 1-2: Fly out, F7 (Flyball, 78D) | Batting: RHB Gunnar Wallace | 0-0: Ball 1-0: Called Strike 1-1: SINGLE (Line Drive, 56) | Batting: LHB Jeff Egbert | 0-0: Foul Ball, location: 2F 0-1: Hit by Pitch Gunnar Wallace to second | Batting: RHB Kevin Hawkins | 0-0: Ball 1-0: Ball 2-0: Called Strike 2-1: SINGLE (Groundball, 34S) (infield hit) Gunnar Wallace to third Jeff Egbert to second | Batting: RHB Wyatt Wallace | 0-0: Called Strike 0-1: Ball 1-1: Called Strike 1-2: Strikes out swinging | Batting: SHB Oliver Miles | 0-0: Ball 1-0: Called Strike 1-1: Ground out U3 (Groundball, 3) | Top of the 9th over - 1 run, 3 hits, 0 errors, 3 left on base; John Jay HS 6 - Broken Arrow HS 16 | |